 Dungeon Crawl Stone Soup version 0.31-a0-152-g6aa68a64a1 (webtiles) character file.

Game seed: 8973332332401668510

30 qw the Shooter (level 3, -4/21 HPs)
             Began as a Gargoyle Hunter on June 10, 2023.
             Killed from afar by Terence (9 damage)
             ... with a puff of flame
             ... on level 2 of the Dungeon.
             The game lasted 00:00:19 (787 turns).

qw the Shooter (Gargoyle Hunter)                     Turns: 787, Time: 00:00:20

Health: -4/21      AC:  6    Str: 14    XL:     3   Next: 18%
Magic:  3/3        EV: 16    Int:  9    God:
Gold:   47         SH:  0    Dex: 15    Spells: 2/2 levels left

rFire   . . .        Y - +0 shortbow
rCold   . . .        (shield currently unavailable)
rNeg    + . .        c - +0 leather armour
rPois   inf          (no helmet)
rElec   +            (no cloak)
rCorr   .            (no gloves)
SInv    .            (no boots)
Will    .....        (no amulet)
Stlth   ++           h - +5 ring of evasion
HPRegen 0.23/turn    (no ring)
MPRegen 0.08/turn

%: no passive effects
@: no status effects
A: sickness immunity, AC +3, negative energy resistance 1, electricity
resistance, torment resistance 1, petrification resistance
a: no special abilities


You were on level 2 of the Dungeon.
You visited 1 branch of the dungeon, and saw 2 of its levels.

You collected 47 gold pieces.


Innate Abilities, Weirdness & Mutations

You are immune to sickness and miasma.
Your stone body is resilient. (AC +3)
You are immune to poison.
You resist negative energy. (rN+)
You are resistant to electric shocks. (rElec)
You are resistant to unholy torment.
You are immune to petrification.


   Skills:
 + Level 2.2 Fighting
 - Level 5.0 Ranged Weapons
 - Level 1.5 Dodging
 - Level 1.1 Stealth


You had 2 spell levels left.
You didn't know any spells.
Your spell library was empty.

Inventory:

Hand Weapons
 Y - a +0 shortbow (weapon)
Armour
 c - a +0 leather armour (worn)
Jewellery
 h - a +5 ring of evasion (left hand)
Scrolls
 a - a scroll of poison {unknown}
Potions
 d - a potion of lignification {unknown}
 e - a potion of magic

Dungeon Overview and Level Annotations

Branches:
Dungeon (2/15)

Altars:

Shops:
D:1 =

Annotations:
D:2 Terence


Message History

Terence zaps a wand.
The puff of flame hits you.
You shoot an arrow.
The arrow hits Terence but does no damage.
Terence is lightly wounded.
Terence barely misses you.
You shoot an arrow. The arrow hits Terence!
Terence is heavily wounded.
Terence hits you with a +0 short sword.
You shoot an arrow.
The arrow hits Terence but does no damage.
Terence is heavily wounded.
Terence says, "Don't bother to defend, it's senseless."
Terence hits you with a +0 short sword. Terence misses you.
You shoot an arrow.
The arrow hits Terence but does no damage.
Terence is heavily wounded.
Terence zaps a wand.
The puff of flame hits you.
You shoot an arrow. The arrow barely misses Terence.
Terence hits you but does no damage.
You shoot an arrow. The arrow barely misses Terence.
Terence completely misses you.
You shoot an arrow.
The arrow hits Terence but does no damage.
Terence is heavily wounded.
Terence hits you with a +0 short sword.
You shoot an arrow. The arrow hits Terence.
Terence is severely wounded.
Terence closely misses you. Terence barely misses you.
You shoot an arrow. The arrow hits Terence.
Terence is severely wounded.
Terence barely misses you.
You shoot an arrow.
The arrow hits Terence but does no damage.
Terence is severely wounded.
Terence zaps a wand.
The puff of flame misses you.
You shoot an arrow.
The arrow hits Terence but does no damage.
Terence is severely wounded.
Terence zaps a wand.
The puff of flame hits you!
You die...

#....#
###....#
......#
.....# )...#
?..########.
#@##(.......
#@##........
#..#........
##..........
##..######
##.### #...#
###.## #..#
##.##


You could see Terence.

Vanquished Creatures
  2 dart slugs (D:1)
  A ball python (D:1)
  4 endoplasms
  A giant cockroach (D:1)
  3 goblins (D:1)
  4 hobgoblins
  3 bats (D:1)
  2 frilled lizards (D:1)
  2 kobolds
  2 rats
24 creatures vanquished.

Notes
Turn   | Place    | Note
-------+----------+-------------------------------------------
     0 | D:1      | qw the Gargoyle Hunter began the quest for the Orb.
     0 | D:1      | Reached XP level 1. HP: 12/12 MP: 1/1
     0 | D:1      | 0 ||| qw: Version: 0.2-a-29-gd901d54
     0 | D:1      | 0 ||| qw: Game counter: 3951
     0 | D:1      | 0 ||| qw: Always use a shield: true
     0 | D:1      | 0 ||| qw: God list: Okawaru
     0 | D:1      | 0 ||| qw: Allow faded altars: false
     0 | D:1      | 0 ||| qw: Do Orc after D:15 true
     0 | D:1      | 0 ||| qw: Do second Lair branch before Depths: true
     0 | D:1      | 0 ||| qw: Lair rune preference: random
     0 | D:1      | 0 ||| qw: Plans: Normal, Zot:1-4, Slime:5, God:TSO, Crypt,
                  | Tomb, Abyss, Pan, Hells, Win
     0 | D:1      | 0 ||| PLANNING D:1-11
    82 | D:1      | Reached XP level 2. HP: 15/17 MP: 2/2
   174 | D:1      | Found Vovaxeqikk's One-of-a-Kind Rings.
   183 | D:1      | 183 ||| SHOPLISTING +1 ring of dexterity (28 gold, have
                  | 26).
   183 | D:1      | 183 ||| SHOPLISTING +5 ring of slaying (1591 gold, have
                  | 26).
   183 | D:1      | 183 ||| SHOPLISTING +6 ring of protection (1092 gold, have
                  | 26).
   183 | D:1      | 183 ||| SHOPLISTING +7 ring of evasion (924 gold, have 26).
   183 | D:1      | 183 ||| SHOPLISTING ring "Uhez" {Contam rElec rN+ Will+}
                  | (526 gold, have 26).
   271 | D:1      | Found a faded altar of an unknown god.
   337 | D:1      | HP: 4/17 [frozen (4)]
   492 | D:1      | Reached XP level 3. HP: 21/21 MP: 3/3
   675 | D:1      | 675 ||| UPGRADING to +5 ring of evasion.
   676 | D:1      | 676 ||| READING scroll labelled ROEMIF JIGA.
   677 | D:1      | 677 ||| READING scroll labelled HERHIO BUAZOR.
   678 | D:1      | 678 ||| DRINKING 2 purple potions.
   679 | D:1      | 679 ||| DROPPING scroll of butterflies.
   751 | D:2      | Reached skill level 5 in Ranged Weapons
   772 | D:2      | Noticed Terence
   780 | D:2      | HP: 5/21 [Terence/puff of flame (5)]
   787 | D:2      | Killed from afar by Terence

Levels and vault maps discovered:
D:1:      tarquinn_simple_flora_water_f, layout_basic,
          shapermc_ecumenical_altar_mp_highgroup, nicolae_shop_unique_rings,
          palyth_stone_intersect
D:2:      layout_basic, uniq_natasha, uniq_terence, uniq_robin

Skill      XL: |  1  2  3 |
---------------+----------+-----
Ranged Weapons | 5 |  5.0
Fighting       | |  2.2
Dodging        | |  1.5
Stealth        | |  1.1

Action                     || total
---------------------------++-------
   Fire: Shortbow          ||    82
    Use: Scroll            ||     2
         Potion            ||     1
 Armour: Leather armour    ||    11
  Dodge: Dodged            ||    24

Table legend:
 A = Non-vault XP
 B = Vault XP
 C = Vault XP percentage of total XP
 D = Non-vault monster count
 E = Vault monster count
 F = Vault count percentage of total count
                 A         B        C        D         E       F
            +---------+---------+-------+---------+---------+-------
      Total |      43 |       0 |   0.0 |      24 |       0 |   0.0
            +---------+---------+-------+---------+---------+-------
        D:1 |      37 |       0 |   0.0 |      20 |       0 |   0.0
        D:2 |       6 |       0 |   0.0 |       4 |       0 |   0.0
            +---------+---------+-------+---------+---------+-------
